 Dungeon Crawl Stone Soup version 0.31-a0-233-g139696dc86 (webtiles) character file.

Game seed: 1601744385376396014

53 qw the Shooter (level 3, -1/29 HPs)
             Began as a Minotaur Hexslinger on July 7, 2023.
             Slain by Grinder (5 damage)
             ... on level 3 of the Dungeon.
             The game lasted 00:00:35 (1573 turns).

qw the Shooter (Minotaur Hexslinger)                Turns: 1573, Time: 00:00:35

Health: -1/29      AC:  5    Str: 12    XL:     3   Next: 64%
Magic:  3/3        EV: 11    Int: 10    God:
Gold:   102        SH:  0    Dex: 14    Spells: 3/4 levels left

rFire   . . .        Y - +2 sling
rCold   . . .        (no shield)
rNeg    + . .        h - +0 ring mail
rPois   .            (helmet restricted)
rElec   .            (no cloak)
rCorr   .            (no gloves)
SInv    .            (no boots)
Will    +....        (no amulet)
Stlth   +            m - ring of positive energy
HPRegen 0.24/turn    a - ring of willpower
MPRegen 0.08/turn

%: no passive effects
@: about to teleport
A: horns 2, retaliatory headbutt
a: no special abilities


You were on level 3 of the Dungeon.
You visited 1 branch of the dungeon, and saw 3 of its levels.

You collected 102 gold pieces.


Innate Abilities, Weirdness & Mutations

You have a pair of horns on your head.
You reflexively headbutt those who attack you in melee.


   Skills:
 - Level 2.0 Fighting
 - Level 4.1 Ranged Weapons
 + Level 0.2 Armour
 - Level 2.1 Dodging
 - Level 1.0 Spellcasting
 - Level 2.0 Hexes


You had 3 spell levels left.
You knew the following spells:

 Your Spells              Type           Power      Damage    Failure   Level
a - Slow                  Hex            16%        N/A       34%         1

Your spell library contained the following spells:

 Spells                   Type           Power      Damage    Failure   Level
 Inner Flame              Hex/Fire       2%         N/A       83%         3
 Portal Projectile        Hex/Tloc       4%         N/A       83%         3
 Cause Fear               Hex            2%         N/A       98%         4

Inventory:

Hand Weapons
 Y - a +2 sling (weapon)
Armour
 h - a +0 ring mail (worn)
Jewellery
 a - a ring of willpower (right hand)
 m - a ring of positive energy (left hand)
Scrolls
 b - a scroll of vulnerability {unknown}
 d - a scroll of teleportation
 j - 2 scrolls of identify
Potions
 c - a potion of resistance {unknown}
 i - 2 potions of curing
 k - a potion of mutation {unknown}
 l - a potion of heal wounds {unknown}

Dungeon Overview and Level Annotations

Branches:
Dungeon (3/15)

Altars:
Hepliaklqana

Annotations:
D:3 Grinder


Message History

You shoot a sling bullet. The sling bullet hits Grinder.
Grinder is lightly wounded.
Grinder blinks!
Found 7 stones.
Found a hazy altar of Hepliaklqana.
Found a stone staircase leading down.
Grinder and a ball python come into view.
Found a stone staircase leading up.
The ball python hisses angrily.
You shoot a sling bullet. The sling bullet hits the ball python.
You kill the ball python!
You shoot a sling bullet. The sling bullet barely misses Grinder.
You shoot a sling bullet.
The sling bullet completely misses Grinder.
You shoot a sling bullet.
The sling bullet hits Grinder but does no damage.
Grinder is lightly wounded.
Grinder gestures at you. Pain shoots through your body!
You shoot a sling bullet.
The sling bullet hits Grinder but does no damage.
Grinder is lightly wounded.
You shoot a sling bullet.
The sling bullet closely misses Grinder.
Grinder hits you.
You shoot a sling bullet.
The sling bullet closely misses Grinder.
Grinder gestures at you.
You suddenly lose the ability to move!
Grinder hits you!
You writhe in agony.
Grinder hits you.
You writhe in agony.
You can move again.
1572 ||| READING 2 scrolls of teleportation.
As you read the scroll of teleportation, it crumbles to dust.
You feel strangely unstable.
Grinder says, "There's only one good use for a tongue: cutting it out."
Grinder gestures at you.
You shrug off the repeated paralysis!
You shoot a sling bullet. The sling bullet barely misses Grinder.
Grinder hits you.
You die...

#.#
#######..#.###.#
##.##.........#.#
.#
#..##.#####.....#
#.###. #...### #.#
#. ##..# #.# #<#
#..# #.# #.# #..#
#.###5#####.... #
#....#@........
#...####.###.####.#
..(.....## ##.....#
#.P.####.###.######
#.........#.##
._.>#####.## .. ###


You could see Grinder.

Vanquished Creatures
  An adder (D:3)
  2 worms (D:2)
  5 ball pythons
  2 endoplasms
  3 giant cockroaches (D:2)
  A goblin (D:2)
  4 hobgoblins
  3 quokkas
  4 bats
  2 frilled lizards (D:2)
  5 kobolds
  7 rats
39 creatures vanquished.

Notes
Turn   | Place    | Note
-------+----------+-------------------------------------------
     0 | D:1      | qw the Minotaur Hexslinger began the quest for the Orb.
     0 | D:1      | Reached XP level 1. HP: 16/16 MP: 1/1
     0 | D:1      | 0 ||| qw: Version: 0.3-a-46-gb1f654a
     0 | D:1      | 0 ||| qw: Game counter: 3005
     0 | D:1      | 0 ||| qw: Melee chars always use a shield: true
     0 | D:1      | 0 ||| qw: God list: Okawaru
     0 | D:1      | 0 ||| qw: Allow faded altars: false
     0 | D:1      | 0 ||| qw: Do Orc after clearing Dungeon:15 true
     0 | D:1      | 0 ||| qw: Do second Lair branch before Depths: true
     0 | D:1      | 0 ||| qw: Lair rune preference: random
     0 | D:1      | 0 ||| qw: Goals: Normal
     0 | D:1      | 0 ||| PLANNING D:1-11
   329 | D:1      | Reached skill level 3 in Ranged Weapons
   332 | D:1      | Reached XP level 2. HP: 23/23 MP: 2/2
   719 | D:1      | 719 ||| UPGRADING to +0 leather armour.
   729 | D:1      | 729 ||| DROPPING +0 robe.
   730 | D:1      | 730 ||| UPGRADING to +0 ring mail.
   740 | D:1      | 740 ||| DROPPING +0 leather armour.
   741 | D:1      | 741 ||| UPGRADING to ring of positive energy.
   742 | D:1      | 742 ||| READING scroll labelled BUOSIWE YSTRU.
   743 | D:1      | 743 ||| READING scroll labelled ZOTAAL GOEV.
   744 | D:1      | 744 ||| READING scroll labelled PYIKHE NAIF.
   745 | D:1      | 745 ||| READING 3 scrolls labelled YSUBBU INIUPSO.
   746 | D:1      | 746 ||| READING scroll labelled AHIERRI SEBIE.
   750 | D:1      | 750 ||| READING 2 scrolls of identify.
   750 | D:1      | 750 ||| IDENTIFYING golden potion
   751 | D:1      | 751 ||| DROPPING scroll of poison.
  1111 | D:2      | Reached XP level 3. HP: 29/29 MP: 3/3
  1462 | D:2      | 1462 ||| UPGRADING to ring of willpower.
  1463 | D:2      | 1463 ||| READING scroll labelled CIESTRA KELLOA.
  1464 | D:2      | 1464 ||| READING 2 scrolls labelled CEAMNONNEV.
  1465 | D:2      | 1465 ||| DROPPING scroll of amnesia.
  1500 | D:3      | Reached skill level 4 in Ranged Weapons
  1548 | D:3      | Noticed Grinder
  1554 | D:3      | Found a hazy altar of Hepliaklqana.
  1569 | D:3      | Paralysed by Grinder for 3 turns
  1571 | D:3      | HP: 5/29 [Grinder (6)]
  1572 | D:3      | 1572 ||| READING 2 scrolls of teleportation.
  1573 | D:3      | Slain by Grinder

Levels and vault maps discovered:
D:1:      dpeg_arrival_simpleton_b, layout_basic
D:2:      layout_loops_ring
D:3:      layout_loops_ring, mainiacjoe_overflow_paths,
          mainiacjoe_overflow_tiny_flanked, nicolae_grassy_gnolls, uniq_grinder

Skill      XL: |  1  2  3 |
---------------+----------+-----
Ranged Weapons | 3 4 |  4.1
Fighting       | 2 |  2.0
Armour         | |  0.2
Dodging        | |  2.1
Spellcasting   | |  1.0
Hexes          | |  2.0

Action                     || total
---------------------------++-------
   Fire: Sling             ||   121
    Use: Scroll            ||     9
 Armour: Robe              ||     1
         Ring mail         ||    15
  Dodge: Dodged            ||    25

Table legend:
 A = Non-vault XP
 B = Vault XP
 C = Vault XP percentage of total XP
 D = Non-vault monster count
 E = Vault monster count
 F = Vault count percentage of total count
                 A         B        C        D         E       F
            +---------+---------+-------+---------+---------+-------
      Total |      77 |       0 |   0.0 |      39 |       0 |   0.0
            +---------+---------+-------+---------+---------+-------
        D:1 |      18 |       0 |   0.0 |      14 |       0 |   0.0
        D:2 |      43 |       0 |   0.0 |      22 |       0 |   0.0
        D:3 |      16 |       0 |   0.0 |       3 |       0 |   0.0
            +---------+---------+-------+---------+---------+-------
